 Dungeon Crawl Stone Soup version 0.32-a0-859-gb0a091d592 (webtiles) character file.

Game seed: 4221751724383826193

28 dialectric the Trooper (level 3, -2/29 HPs)
             Began as a Demonspawn Fighter on Mar 27, 2024.
             Succumbed to a kobold's poison
             ... on level 1 of the Dungeon on Mar 28, 2024.
             The game lasted 00:00:44 (549 turns).

dialectric the Trooper (Demonspawn Fighter)          Turns: 549, Time: 00:00:44

Health: -2/29      AC:  6    Str: 18    XL:     3   Next: 0%
Magic:  3/3        EV:  8    Int:  8    God:
Gold:   46         SH:  4    Dex: 12    Spells: 2/2 levels left

rFire   . . .        a - +0 trident
rCold   . . .        c - +0 buckler
rNeg    . . .        b - +0 scale mail
rPois   .            (no helmet)
rElec   .            (no cloak)
rCorr   .            (no gloves)
SInv    .            (no boots)
Will    .....        (no amulet) Stlth
                     (no ring)
HPRegen 0.24/turn    (no ring)
MPRegen 0.16/turn

%: no passive effects
@: lethally poisoned (-2 -> -15)
A: magic regeneration
a: no special abilities


You were on level 1 of the Dungeon.
You visited 1 branch of the dungeon, and saw 1 of its levels.

You collected 46 gold pieces.

Inventory:

Hand Weapons
 a - a +0 trident (weapon)
Armour
 b - a +0 scale mail (worn)
 c - a +0 buckler (worn)
Scrolls
 e - a scroll of teleportation {unknown}
 g - a scroll of identify {unknown}
 h - a scroll of noise {unknown}
Potions
 d - a potion of might
 f - a potion of magic {unknown}
 i - a potion of attraction {unknown}
 j - a potion of resistance {unknown}


   Skills:
 + Level 3.3 Fighting
 + Level 2.2 Polearms
 + Level 3.0 Armour
 + Level 3.0 Shields


You had 2 spell levels left.
You didn't know any spells.
Your spell library was empty.

Dungeon Overview and Level Annotations

Branches:
Dungeon (1/15)

Altars:


Innate Abilities, Weirdness & Mutations

You regenerate magic rapidly.


Message History

The rat completely misses you.
You are too injured to fight recklessly!
You puncture the rat!
You kill the rat!
The rat bites you but does no damage.
You are too injured to fight recklessly!
You closely miss the rat. The rat bites you.
You are too injured to fight recklessly!
Unknown command.
You hit the rat.
The rat is moderately wounded.
The rat twitches its whiskers.
The rat bites you but does no damage.
You puncture the rat!
You kill the rat!
You have reached level 3!
Your experience leads to an increase in your attributes!
Increase (S)trength, (I)ntelligence, or (D)exterity?
You feel stronger. x2
You barely miss the kobold. The kobold barely misses you.
You closely miss the kobold.
The kobold hits you with a +2 dagger of venom.
You are lethally poisoned!
You hit the kobold but do no damage.
* * * LOW HITPOINT WARNING * * *
You feel very sick. The kobold hits you but does no damage.
You are more poisoned.
The kobold hits you but does no damage.
You barely miss the kobold.
* * * LOW HITPOINT WARNING * * *
You feel very sick. You block the kobold's attack.
You completely miss the kobold.
* * * LOW HITPOINT WARNING * * *
You feel sick. The kobold hits you but does no damage.
You are more poisoned.
You hit the kobold.
The kobold is severely wounded.
You die...

#.# #.####### #.# #.......#
### #.# #.###.#.### ..
#)#####.# #.#.... #####.#
#.......# #.##### .......
####..#####.#### #...##
#..# ##.#.#.##
#.#...######..###.......#
#......K@........#.#.#.## #
#.#....######..##......[# #
......#.# ##.###.#.#.## #
.......#.#######.#.........
#
####.#.........)..#.#.#.##
####### #.
....#####.##.......#
.......
###....#####.###.#.#.##
#######
...#.##.............#
###### #.##.##.###.#.#.#.


You could see a kobold.

Vanquished Creatures
  A gnoll (D:1)
  3 bats (D:1)
  An endoplasm (D:1)
  2 goblins (D:1)
  5 ball pythons (D:1)
  A frilled lizard (D:1)
  2 kobolds (D:1)
  4 rats (D:1)
19 creatures vanquished.

Notes
Turn   | Place    | Note
-------+----------+-------------------------------------------
     0 | D:1      | dialectric the Demonspawn Fighter began the quest for the
                  | Orb.
     0 | D:1      | Reached XP level 1. HP: 18/18 MP: 1/1
    80 | D:1      | Gained mutation: You regenerate magic rapidly. [demonic
                  | ancestry]
    80 | D:1      | Reached XP level 2. HP: 24/24 MP: 2/2
   544 | D:1      | Reached XP level 3. HP: 13/29 MP: 3/3
   548 | D:1      | HP: 1/29 [poisoned by a kobold]
   549 | D:1      | Succumbed to a kobold's poison

Illustrated notes

Levels and vault maps discovered:
D:1:      mainiacjoe_arrival_oval_in_oval, layout_loops_ring, st_stairs_12,
          minmay_shallow_snake_nest

Skill      XL: |  1  2 |
---------------+-------+-----
Polearms       | 2 |  2.2
Shields        | 3 |  3.0
Armour         | 3 |  3.0
Fighting       | |  3.3

Action                     || total
---------------------------++-------
  Melee: Trident           ||    79
 Armour: Scale mail        ||    87
  Dodge: Dodged            ||    29
  Block: Buckler           ||     8

Table legend: (Time is in decaauts)
 A = Elapsed time spent in this place.
 B = Non-inter-level travel time spent in this place.
 C = Inter-level travel time spent in this place.
 D = Time resting spent in this place.
 E = Time spent auto-exploring this place.
 F = Levels seen in this place.
 G = Mean time per level.
                   A        B        C        D        E       F      G
               +--------+--------+--------+--------+--------+-----+--------+
         Total |    567 |    567 |      0 |      0 |    418 |   1 |  567.0 |
       Dungeon |    567 |    567 |      0 |      0 |    418 |   1 |  567.0 |
               +--------+--------+--------+--------+--------+-----+--------+

Top non-repeatable levels by time:
     D:1: 567 daAuts
